 Dungeon Crawl Stone Soup version 0.29-a0-352-g0917bc69df (webtiles) character file.

Game seed: 15220383729992702583

606 kevlar127 the Ruffian (level 7, -3/71 HPs)
             Began as a Troll Berserker on Apr 23, 2022.
             Was a Priest of Trog.
             Killed from afar by Pikel (36 damage)
             ... with a bolt of acid
             ... on level 4 of the Dungeon.
             The game lasted 00:07:23 (2777 turns).

kevlar127 the Ruffian (Troll Berserker)             Turns: 2777, Time: 00:07:23

Health: -3/71      AC:  4    Str: 34    XL:     7   Next: 19%
Magic:  6/6        EV: 10    Int:  3    God:    Trog [***...]
Gold:   235        SH:  0    Dex:  9    Spells: 6/6 levels left

rFire   . . .      SeeInvis .     - Unarmed
rCold   . . .      Faith    .   (no shield)
rNeg    . . .      Spirit   .   a - +0 animal skin
rPois   .          Reflect  .   (helmet restricted)
rElec   .          Harm     .   (no cloak)
rCorr   .          Rampage  .   (gloves unavailable)
Will    .....                   (boots unavailable)
Stlth   +.........              (no amulet)
HPRegen 1.01/turn               d - +6 ring of strength
MPRegen 0.10/turn               (no ring)

@: no status effects
A: large, unfitting armour, claws 3, regeneration 1, shaggy fur 1, tough skin 1
a: Renounce Religion, Berserk, Trog's Hand


You were on level 4 of the Dungeon.
You worshipped Trog.
Trog was most pleased with you.
You visited 1 branch of the dungeon, and saw 4 of its levels.

You collected 235 gold pieces.

Inventory:

Hand Weapons
 n - a +0 club
Missiles
 i - 223 stones (quivered)
 o - 6 javelins
 p - 2 atropa-tipped darts
Armour
 a - a +0 animal skin (worn)
Jewellery
 d - a +6 ring of strength (left claw)
 q - an amulet of guardian spirit
 u - an amulet of the acrobat
Wands
 v - a wand of polymorph (7)
Scrolls
 c - a scroll of blinking {unknown}
 e - 3 scrolls of identify {unknown}
 g - 2 scrolls of fog {unknown}
 m - 2 scrolls of teleportation {unknown}
 t - a scroll of silence {unknown}
Potions
 b - a potion of might {unknown}
 f - a potion of berserk rage {unknown}
 h - a potion of heal wounds {unknown}
 j - 3 potions of curing {unknown}
 k - a potion of ambrosia {unknown}
 l - a potion of mutation {unknown}
 r - a potion of haste {unknown}
 s - 2 potions of brilliance {unknown}


   Skills:
 + Level 4.4 Fighting
 + Level 3.1 Throwing
 - Level 3.1 Dodging
 + Level 5.3 Unarmed Combat


You had 6 spell levels left.
You didn't know any spells.
Your spell library was empty.

Dungeon Overview and Level Annotations

Branches:
Dungeon (4/15)             Temple (0/1) D:4

Altars:

Annotations:
D:3 2 transporters, KryptKrawler's ghost, amateur SpEn
D:4 Pikel


Innate Abilities, Weirdness & Mutations

You are too large for most types of armour.
You have claws for hands.
Your natural rate of healing is unusually fast.
You are covered in fur. (AC +1)
You have tough skin. (AC +1)


Message History

You claw the lemure!
The lemure is moderately wounded.
You claw the lemure!
The lemure is severely wounded.
The lemure hits you!
A lemure comes into view.
The lemure shouts!
You claw the lemure!
You kill the lemure!
That felt strangely unrewarding.
Pikel hits you with a +2 whip of flaming.
Pikel burns you.
You barely miss Pikel. The kobold hits you with a +0 dagger.
Pikel hits you with a +2 whip of flaming!
Pikel burns you.
You scratch Pikel but do no damage. The kobold hits you but does no damage.
Pikel hits you with a +2 whip of flaming.
Pikel burns you. The lemure barely misses you.
You scratch Pikel.
Pikel is lightly wounded.
The kobold hits you but does no damage. Pikel barely misses you.
The lemure hits you.
You barely miss Pikel.
Pikel is lightly wounded.
The kobold hits you with a +0 dagger. Pikel barely misses you.
The lemure hits you.
You mangle Pikel!!
Pikel is heavily wounded.
The kobold hits you with a +0 dagger.
Pikel hits you with a +2 whip of flaming.
Pikel burns you.
You are too injured to fight recklessly!
You are too injured to fight recklessly!
You are too injured to fight recklessly!
You are too injured to fight recklessly!
You claw the lemure!
The lemure is moderately wounded.
The kobold closely misses you.
Pikel zaps a wand.
The bolt of acid hits you!!!
Ouch! That really hurt!
You die...

.......###.##....##....##
..)..........#............
............###........##.
.........#####..##...##>.
............#.............
.>............##...#......
.............##......###..
##......K5...##..##.## #.†
#.......K@........#..# #..
.......55....#.....## ##.
###.........#......# #..
#.................# ##.
##.............#.## ##
##............###
##............#
#....#....#..##
##..###.###.##


You could see Pikel, 3 lemures and a kobold.

Vanquished Creatures
  Sigmund (D:3)
  A black bear (D:4)
  A lemure (D:4)
  A scorpion (D:4)
  An orc priest (D:3)
  A hound (D:2)
  Jessica (D:3)
  2 orc wizards
  6 adders
  An ufetubus (D:4)
  6 worms
  8 dart slugs
  7 orcs
  8 ball pythons
  4 endoplasms
  4 giant cockroaches
  5 goblins
  8 hobgoblins
  A quokka (D:4)
  4 bats
  A frilled lizard (D:3)
  5 kobolds
  5 rats
82 creatures vanquished.

Notes
Turn   | Place    | Note
-------+----------+-------------------------------------------
     0 | D:1      | kevlar127 the Troll Berserker began the quest for the Orb.
     0 | D:1      | Reached XP level 1. HP: 22/22 MP: 0/0
   352 | D:1      | Reached XP level 2. HP: 29/29 MP: 1/1
   761 | D:2      | Reached XP level 3. HP: 36/36 MP: 2/2
   763 | D:2      | Reached ** piety under Trog
   975 | D:2      | Reached XP level 4. HP: 41/45 MP: 3/3
  1605 | D:3      | Reached skill level 4 in Unarmed Combat
  1692 | D:3      | Reached skill level 1 in Throwing
  1703 | D:3      | Reached XP level 5. HP: 30/53 MP: 4/4
  1881 | D:3      | Noticed Sigmund
  1886 | D:3      | Killed Sigmund
  1887 | D:3      | Reached XP level 6. HP: 50/62 MP: 5/5
  1967 | D:3      | Found a transporter.
  1967 | D:3      | Found a transporter.
  1967 | D:3      | Noticed KryptKrawler's ghost (amateur SpEn)
  2068 | D:3      | Noticed Jessica
  2069 | D:3      | Found a faded altar of an unknown god.
  2070 | D:3      | Killed Jessica
  2125 | D:3      | Reached *** piety under Trog
  2457 | D:4      | Reached skill level 5 in Unarmed Combat
  2457 | D:4      | Reached XP level 7. HP: 44/70 MP: 6/6
  2596 | D:4      | Found a staircase to the Ecumenical Temple.
  2761 | D:4      | Noticed Pikel
  2777 | D:4      | Killed from afar by Pikel

Illustrated notes

Levels and vault maps discovered:
D:1:      amcnicky_arrival_choice, layout_loops_ring
D:2:      layout_loops_corners, chequers_serial_rivers_micro_a
D:3:      kennysheep_slugbush, layout_loops_cross,
          shapermc_ecumenical_altar_notcrosses, gammafunk_ghost_arena,
          uniq_sigmund, uniq_jessica
D:4:      layout_cave_pools, gammafunk_temple_overflow_wave,
          minmay_temple_entry_glass, uniq_pikel

Skill      XL: |  1  2  3  4  5  6  7 |
---------------+----------------------+-----
Dodging        | 3 |  3.1
Fighting       | 3 4 |  4.4
Unarmed Combat | 4 5 |  5.3
Throwing       | 1 2 3 |  3.1

Action                   |  1- 3 |  4- 6 |  7- 9 || total
-------------------------+-------+-------+-------++-------
Melee: Unarmed           |    60 |    96 |    54 ||   210
       Punch             |     1 |     2 |     2 ||     5
Throw: Stone             |       |    20 |       ||    20
 Stab: Sleeping          |       |     1 |       ||     1
Armor: Animal skin       |    11 |    36 |    14 ||    61
Dodge: Dodged            |    27 |    54 |    42 ||   123

Table legend: (Time is in decaauts)
 A = Elapsed time spent in this place.
 B = Non-inter-level travel time spent in this place.
 C = Inter-level travel time spent in this place.
 D = Time resting spent in this place.
 E = Time spent auto-exploring this place.
 F = Levels seen in this place.
 G = Mean time per level.
                   A        B        C        D        E       F      G
               +--------+--------+--------+--------+--------+-----+--------+
         Total |   2780 |   2499 |    281 |     49 |   1930 |   4 |  695.0 |
       Dungeon |   2780 |   2499 |    281 |     49 |   1930 |   4 |  695.0 |
               +--------+--------+--------+--------+--------+-----+--------+

Top non-repeatable levels by time:
     D:2: 898 daAuts
     D:3: 872 daAuts
     D:1: 681 daAuts
     D:4: 328 daAuts
